 Dungeon Crawl Stone Soup version 0.26-a0-597-gb535b0901c (webtiles) character file.

Game seed: 12563395051217203962

359 Lanoc the Ducker (level 6, -1/49 HPs)
             Began as a Vampire Gladiator on Sept 3, 2020.
             Killed from afar by Crazy Yiuf (8 damage)
             ... with a puff of flame
             ... on level 4 of the Dungeon.
             The game lasted 00:02:35 (1584 turns).

Lanoc the Ducker (Vampire Gladiator)                Turns: 1584, Time: 00:02:35

Health: -1/49      AC:  4    Str: 13    XL:     6   Next: 37%
Magic:  6/6        EV: 15    Int: 11    God:
Gold:   99         SH:  0    Dex: 17    Spells: 5/5 levels left

rFire    . . .     SeeInvis +   a - +3 hand axe (vamp)
rCold    . . .     Faith    .   (no shield)
rNeg     . . .     Spirit   .   e - +0 leather armour
rPois    .         Reflect  .   p - +0 helmet
rElec    .         Harm     .   (no cloak)
rCorr    .                      (no gloves)
MR       .....                  (no boots)
Stlth    +.........             (no amulet)
HPRegen  0.36/turn              (no ring)
MPRegen  0.10/turn              (no ring)

@: lethally poisoned (-1 -> -2), regenerating quickly
A: fangs 3, see invisible, unbreathing
a: Exsanguinate


You were on level 4 of the Dungeon.
You visited 1 branch of the dungeon, and saw 4 of its levels.

You collected 99 gold pieces.

Inventory:

Hand Weapons
 a - a +3 vampiric hand axe (weapon)
 b - a +2 hand axe of venom
 c - a +0 long sword
Missiles
 d - a throwing net (quivered)
Armour
 e - a +0 leather armour (worn)
 p - a +0 helmet (worn)
Wands
 r - a wand of flame (8)
 s - a wand of random effects (18)
Scrolls
 f - 5 scrolls of identify {unknown}
 g - a scroll of amnesia {unknown}
 i - a scroll of remove curse {unknown}
 k - a scroll of blinking {unknown}
 n - a scroll of fog {unknown}
Potions
 h - a potion of degeneration {unknown}
 j - a potion of lignification {unknown}
 l - a potion of stabbing {unknown}
 m - a potion of flight {unknown}
 o - 2 potions of curing {unknown}
 q - a potion of heal wounds {unknown}
 t - a potion of invisibility {unknown}


   Skills:
 + Level 4.5 Fighting
 - Level 3.1 Long Blades
 - Level 1.5 Throwing
 + Level 6.0 Dodging


You had 5 spell levels left.
You didn't know any spells.
Your spell library was empty.

Dungeon Overview and Level Annotations

Branches:
Dungeon (4/15)
 Temple: D:4-7

Altars:
Elyvilon
Okawaru

Annotations:
D:4 Crazy Yiuf


Innate Abilities, Weirdness & Mutations

Your natural rate of healing is unusually fast.
You have razor-sharp teeth.
You have supernaturally acute eyesight. (SInv)
You can survive without breathing.


Message History

Crazy Yiuf burns you.
You hit Crazy Yiuf. Your bite misses Crazy Yiuf.
Crazy Yiuf is heavily wounded.
You feel sick. Crazy Yiuf completely misses you.
Crazy Yiuf hits you with a +4 quarterstaff of chaos.
Space warps horribly around you!
* * * LOW HITPOINT WARNING * * *
Throwing (i - inventory)
d - 3 throwing nets (quivered)
Press: ? - help, Shift-Dir - straight line, f - Crazy Yiuf
Aim: Crazy Yiuf, wielding a +4 quarterstaff of chaos, wearing a +0 cloak and carrying a wand of flame (18) (heavily wounded)
You throw a throwing net.
The throwing net closely misses Crazy Yiuf.
Throwing (i - inventory)
d - 2 throwing nets (quivered)
Press: ? - help, Shift-Dir - straight line, f/p - Crazy Yiuf
Aim: Crazy Yiuf, wielding a +4 quarterstaff of chaos, wearing a +0 cloak and carrying a wand of flame (18) (heavily wounded)
You throw a throwing net. The throwing net hits Crazy Yiuf.
Crazy Yiuf is caught in the net!
Crazy Yiuf is heavily wounded.
You feel sick.
Crazy Yiuf zaps a wand.
The puff of flame hits you!
You die...

#.........###...(##.
#.......#.# #....##.
#########.# #.######
#.###.# #####
#.....# ### #)(.#
####### #.. #...#
#.# #.g.# #.# #@#
#.# ♣.♣♣ #######
##.# ♣♣.♣ #.....#
#... ♣.♣♣ #####.#
#..# ♣♣.♣ #.# #..#
♣♣.♣♣ #####.# #..#
♣♣...♣ #.....###..#
♣....♣ ####.......#
#....# #####.####.#


You could see Crazy Yiuf (caught).

Vanquished Creatures
  A howler monkey (D:3)
  A hound (D:4)
  3 orc wizards (D:3)
  Ijyb (D:3)
  A worker ant (D:4)
  7 adders
  A shadow imp (D:3)
  5 worms
  2 dart slugs
  13 orcs
  4 giant cockroaches
  7 goblins
  4 hobgoblins
  2 bats
  4 frilled lizards
  9 kobolds
  4 rats
69 creatures vanquished.

Notes
Turn   | Place    | Note
-------+----------+-------------------------------------------
     0 | D:1      | Lanoc the Vampire Gladiator began the quest for the Orb.
     0 | D:1      | Reached XP level 1. HP: 16/16 MP: 1/1
   108 | D:2      | Reached XP level 2. HP: 9/22 MP: 2/2
   326 | D:2      | Reached skill level 4 in Dodging
   326 | D:2      | Reached XP level 3. HP: 28/28 MP: 3/3
   515 | D:3      | Reached XP level 4. HP: 16/35 MP: 4/4
   783 | D:3      | Reached XP level 5. HP: 41/41 MP: 5/5
   785 | D:3      | Reached skill level 5 in Dodging
   826 | D:3      | Found an iron altar of Okawaru.
   940 | D:3      | Reached XP level 6. HP: 43/48 MP: 6/6
   962 | D:3      | Noticed Ijyb
   982 | D:3      | Killed Ijyb
  1232 | D:3      | Found a white marble altar of Elyvilon.
  1437 | D:4      | Reached skill level 6 in Dodging
  1574 | D:4      | Found a runed translucent door.
  1575 | D:4      | Noticed Crazy Yiuf
  1584 | D:4      | Killed from afar by Crazy Yiuf

Illustrated notes

Levels and vault maps discovered:
D:1:      zaba_arrival_water, layout_rooms
D:2:      layout_loops_ring, nicolae_gozag_zags_fifth_avenue, uniq_sigmund
D:3:      layout_loops_ring, lemuel_coloured_pillars_altar,
          grunt_decor_arrowhead, okawaru_altar_gauntlet_db, uniq_ijyb
D:4:      layout_loops_ring, riverfiend_overflow_shadow_ancestor,
          nicolae_overflow_hidden_temple, amethyst_killhole, uniq_edmund,
          uniq_crazy_yiuf_cottage

Skill      XL: |  1  2  3  4  5  6 |
---------------+-------------------+-----
Fighting       | 2 3 4 |  4.5
Dodging        | 4 5 6 |  6.0
Long Blades    | |  3.1
Throwing       | |  1.5

Action                   |  1- 3 |  4- 6 || total
-------------------------+-------+-------++-------
Melee: Hand axe          |    51 |   122 ||   173
       Long sword        |     2 |       ||     2
       Bite              |     8 |    20 ||    28
Throw: Throwing net      |       |     2 ||     2
 Stab: Sleeping          |       |     1 ||     1
Armor: Leather armour    |    10 |    22 ||    32
Dodge: Dodged            |    36 |   121 ||   157
       Rpst.: Long sword |     1 |       ||     1

Table legend: (Time is in decaauts)
 A = Elapsed time spent in this place.
 B = Non-inter-level travel time spent in this place.
 C = Inter-level travel time spent in this place.
 D = Time resting spent in this place.
 E = Time spent auto-exploring this place.
 F = Levels seen in this place.
 G = Mean time per level.
                   A        B        C        D        E       F      G
               +--------+--------+--------+--------+--------+-----+--------+
         Total |   1642 |   1594 |     48 |     85 |   1095 |   4 |  410.5 |
       Dungeon |   1642 |   1594 |     48 |     85 |   1095 |   4 |  410.5 |
               +--------+--------+--------+--------+--------+-----+--------+

Top non-repeatable levels by time:
     D:3: 918 daAuts
     D:2: 374 daAuts
     D:4: 241 daAuts
     D:1: 109 daAuts
